 Dungeon Crawl Stone Soup version 0.17.2 (webtiles) character file.

14580 Goblin1989 the Martial Artist (level 11, -6/95 HPs)
             Began as a Demonspawn Monk on June 3, 2016.
             Was a High Priest of Okawaru.
             Mangled by an enormous slime creature (69 damage)
             ... on level 12 of the Dungeon.
             The game lasted 00:36:58 (12947 turns).

Goblin1989 the Martial Artist (Demonspawn Monk)    Turns: 12947, Time: 00:36:58

Health: -6/95      AC: 21    Str: 14    XL:     11   Next: 90%
Magic:  15/15      EV: 11    Int: 12    God:    Okawaru [*****.]
Gold:   796        SH:  4    Dex: 18    Spells: 0 memorised, 10 levels left

rFire  + . .     SeeInvis .       - Unarmed
rCold  + . .     Clarity  .     v - +1 chain mail {rC+}
rNeg   . . .     SustAt   .     i - +0 buckler {rPois}
rPois  +         Gourm    .     (helmet restricted)
rElec  .         Spirit   .     n - +0 cloak
rCorr  .         Warding  .     g - +0 pair of gloves
rMut   +         Stasis   .     (no boots)
MR     .....                    G - amulet of resist mutation {rMut, !d}
Stlth  ..........               t - +4 ring of evasion
                                I - ring of protection from fire {rF+, !d}

@: not resistant to hostile enchantments, extremely unstealthy
A: antennae 1, rough black scales 2, agile 2, powered by death 2, robust 1,
subdued magic 1
a: Heroism, Finesse, Renounce Religion


You were on level 12 of the Dungeon.
You worshipped Okawaru.
Okawaru was extremely pleased with you.
You were not hungry.

You visited 2 branches of the dungeon, and saw 13 of its levels.
You also visited: Ossuary.

You collected 796 gold pieces.

Inventory:

Missiles
 B - 6 steel javelins (quivered)
Armour
 g - a +0 pair of gloves (worn)
 h - a +0 helmet
 i - a +0 buckler of poison resistance (worn)
 n - a +0 cloak (worn)
 v - a +1 chain mail of cold resistance (worn)
Jewellery
 s - an uncursed ring of protection from cold {rC+, !d}
 t - a +4 ring of evasion (right hand)
 G - an amulet of resist mutation (around neck) {rMut, !d}
 I - a ring of protection from fire (left hand) {rF+, !d}
 J - an uncursed amulet of rage {unknown}
 Q - an uncursed ring of protection from fire {rF+, !d}
Wands
 x - a wand of digging (7)
 y - a wand of polymorph (9)
 A - a wand of magic darts (15)
 C - a wand of enslavement (2)
 D - a wand of frost (20)
 F - a wand of heal wounds (5)
 L - a wand of confusion (21)
Scrolls
 a - 7 scrolls of identify
 c - 5 scrolls of teleportation
 d - a scroll of noise {unknown}
 j - 2 scrolls of amnesia
 k - 4 scrolls of magic mapping {!r}
 m - 4 scrolls of remove curse
 o - 3 scrolls of random uselessness {unknown}
 q - 2 scrolls of enchant armour
 u - 3 scrolls of blinking {unknown}
 w - 3 scrolls of fog {unknown}
 K - a scroll of enchant weapon
Potions
 e - a potion of berserk rage {!q}
 f - a potion of brilliance
 l - 10 potions of curing
 p - 2 potions of haste
 r - 2 potions of poison {!q}
 z - 2 potions of heal wounds
 M - 2 potions of magic {unknown}
 O - 2 potions of flight {unknown}
 P - 2 potions of agility
Books
 H - a book of Debilitation

   Spells                             Type                      Level
   a - Corona                         Hexes                        1
   b - Slow                           Hexes                        2
   c - Gell's Gravitas                Hexes/Translocation          3
   d - Inner Flame                    Hexes/Fire                   3
   e - Cause Fear                     Hexes                        4
   f - Leda's Liquefaction            Hexes/Earth                  4
 N - a book of the Dragon

   Spells                             Type                      Level
   a - Flame Tongue                   Conjuration/Fire             1
   b - Cause Fear                     Hexes                        4
   c - Bolt of Fire                   Conjuration/Fire             6
   d - Dragon Form                    Transmutation                7
   e - Dragon's Call                  Summoning                    9
Comestibles
 b - 10 bread rations
 E - 11 fruits


   Skills:
 + Level 8.4 Fighting
 + Level 6.8 Armour
 - Level 2.6 Dodging
 - Level 1.7 Stealth
 * Level 14.0 Unarmed Combat
 - Level 6.3 Invocations


You had 10 spell levels left.
You didn't know any spells.

Dungeon Overview and Level Annotations

Branches:
Dungeon (12/15)            Temple (1/1) D:6            Lair (0/8) D:11
    Orc (0/4) D:11

Altars:
Cheibriados
Gozag
Kikubaaqudgha
Makhleb
Nemelex Xobeh
Okawaru
Ru
Sif Muna
Vehumet
Xom
Yredelemnul
Zin

Shops:
D:9 *


Innate Abilities, Weirdness & Mutations

You have a pair of small antennae on your head.
You are mostly covered in rough black scales (AC +7, Dex -2).
You regenerate health from kills.
You are very agile. (Dex +4)
You are robust (+10% HP).
Your spells are a little easier to cast, but a little less powerful.


Message History

Two slime creatures merge to form a large slime creature.
You punch the slime creature!
You kill the slime creature!
Okawaru accepts your kill.
A very large slime creature splits.
Your chain mail prevents you from hitting the slime creature.
The large slime creature hits you!
You punch the slime creature!
The slime creature hits you but does no damage.
You punch the slime creature!
The large slime creature hits you but does no damage.
Two slime creatures merge to form an enormous slime creature.
The slime creature closely misses you.
You hit the slime creature. You hit the slime creature.
The slime creature hits you but does no damage.
You hit the slime creature. The slime creature hits you!
You punch the slime creature! The enormous slime creature hits you!!!
Ouch! That really hurt!
You die...

#..# ##...#
##.<# #..#
#...# #..=#
#..# #..##
##..## #..
#...# ##.(##
#...# ##.(#
#...# . ##..
#...### ...
##.
##....###..<..
##.
#....@J......
##..
##...J#####..
#... ######
##..# #...#
##... ###. ##
#


You could see an enormous slime creature and a slime creature.

Vanquished Creatures
  Maud (D:10)
  A hydra (D:12)
  2 slime creatures (D:12)
  2 hill giants (D:11)
  Pikel (D:8)
  A manticore (D:12)
  An ugly thing (D:10)
  A cyclops (D:12)
  A gargoyle (D:11)
  3 trolls
  A komodo dragon (D:11)
  4 yaks (D:11)
  A wraith (D:6)
  A spriggan (D:9)
  Eustachio (D:4)
  A hippogriff (D:8)
  2 hungry ghosts (D:11)
  The ghost of Goblin1989 the Insei, an amateur DsMo (D:3)
  A basilisk (D:11)
  4 vampire mosquitoes (D:12)
  Menkaure (D:7)
  Edmund (D:4)
  A water moccasin (D:7)
  5 orc warriors
  2 sky beasts
  2 phantoms
  Purgy (D:4)
  4 ogres
  4 black bears
  5 centaurs
  3 ice beasts
  3 big kobolds
  An elf zombie (Ossuary)
  Blork the orc (D:4)
  A crocodile (D:11)
  A wyvern zombie (D:11)
  5 giant frogs
  6 killer bees (D:11)
  4 troll zombies (D:11)
  A scorpion (D:5)
  8 wights
  4 crimson imps
  A jelly (D:11)
  2 centaur zombies (Ossuary)
  A quasit (D:9)
  5 hounds
  12 orc wizards
  Crazy Yiuf (D:3)
  3 giant frog skeletons
  Terence (D:3)
  5 orc priests
  8 worker ants
  4 ogre zombies (D:11)
  2 big kobold zombies (Ossuary)
  A hound zombie (Ossuary)
  3 mummies (Ossuary)
  2 worker ant zombies (D:8)
  3 gnolls (D:2)
  7 adders
  2 adder skeletons (D:4)
  7 adder zombies
  5 giant geckos
  37 orcs
  10 bats
  8 giant cockroaches
  3 gnoll zombies (Ossuary)
  7 goblins
  2 hobgoblins
  15 jackals
  2 quokkas
  A ball python (D:1)
  A giant gecko skeleton (D:4)
  A giant gecko zombie (D:5)
  9 giant newts
  2 goblin skeletons (D:11)
  2 goblin zombies (D:11)
  2 hobgoblin skeletons (D:11)
  5 hobgoblin zombies
  5 jackal zombies (Ossuary)
  20 kobolds
  A kobold zombie (Ossuary)
  2 orc skeletons (D:11)
  16 orc zombies
  A quokka skeleton (D:5)
  2 quokka zombies (Ossuary)
  4 rats
  6 rat zombies (Ossuary)
334 creatures vanquished.

Vanquished Creatures (others)
  A crimson imp (D:8)
  A worker ant (D:8)
  4 kobolds (D:8)
  5 toadstools (D:1)
11 creatures vanquished.

Grand Total: 345 creatures vanquished

Notes
Turn   | Place    | Note
--------------------------------------------------------------
     0 | D:1      | Goblin1989 the Demonspawn Monk began the quest for the Orb.
     0 | D:1      | Reached XP level 1. HP: 18/18 MP: 1/1
    95 | D:1      | Reached skill level 4 in Unarmed Combat
   207 | D:1      | Gained mutation: You are partially covered in rough black scales (AC +4, Dex -1). [demonic ancestry]
   207 | D:1      | Reached XP level 2. HP: 10/24 MP: 2/2
   935 | D:2      | Reached XP level 3. HP: 21/29 MP: 3/3
  1148 | D:2      | HP: 1/29 [gnoll/spear (11)]
  1149 | D:2      | Reached skill level 5 in Unarmed Combat
  1465 | D:2      | Reached XP level 4. HP: 31/35 MP: 4/4
  1693 | D:2      | Found a faded altar to an unknown god.
  2077 | D:3      | Noticed Goblin1989's ghost (amateur DsMo)
  2095 | D:3      | Killed Goblin1989's ghost
  2095 | D:3      | Reached skill level 6 in Unarmed Combat
  2095 | D:3      | Reached XP level 5. HP: 3/41 MP: 5/5
  2434 | D:3      | Noticed Crazy Yiuf
  2447 | D:3      | Killed Crazy Yiuf
  2543 | D:3      | Noticed Terence
  2572 | D:3      | Killed Terence
  2572 | D:3      | Reached XP level 6. HP: 8/47 MP: 6/6
  3046 | D:4      | Noticed Eustachio
  3047 | D:4      | Noticed Purgy
  3087 | D:4      | Killed Purgy
  3087 | D:4      | Reached skill level 7 in Unarmed Combat
  3154 | D:4      | Killed Eustachio
  3154 | D:4      | Reached XP level 7. HP: 8/52 MP: 7/7
  3432 | D:4      | Noticed Edmund
  3449 | D:4      | Killed Edmund
  3449 | D:4      | Reached skill level 8 in Unarmed Combat
  3572 | D:4      | Noticed Blork the orc
  3583 | D:4      | Gained mutation: You are agile. (Dex +2) [potion of mutation]
  3583 | D:4      | Gained mutation: You are weak. (Str -2) [potion of mutation]
  3583 | D:4      | Lost mutation: You are weak. (Str -2) [potion of mutation]
  3592 | D:4      | Killed Blork the orc
  3951 | D:4      | Reached skill level 9 in Unarmed Combat
  4133 | D:4      | Gained mutation: You regenerate a little health from kills. [demonic ancestry]
  4133 | D:4      | Reached XP level 8. HP: 52/58 MP: 8/8
  4582 | D:5      | Entered Level 5 of the Dungeon
  4760 | D:5      | Reached skill level 10 in Unarmed Combat
  6019 | D:6      | Found a staircase to the Ecumenical Temple.
  6031 | Temple   | Entered the Ecumenical Temple
  6035 | Temple   | Became a worshipper of Warmaster Okawaru
  6035 | Temple   | Reached * piety under Okawaru
  6035 | Temple   | Reached ** piety under Okawaru
  6050 | D:6      | Reached skill level 1 in Invocations
  6373 | D:6      | Found a sacrificial altar of Ru.
  6374 | D:6      | Found a deep blue altar of Sif Muna.
  6447 | D:6      | Reached skill level 1 in Armour
  6447 | D:6      | Gained mutation: You are mostly covered in rough black scales (AC +7, Dex -2). [demonic ancestry]
  6447 | D:6      | Reached XP level 9. HP: 44/64 MP: 10/10
  6553 | D:7      | Reached skill level 11 in Unarmed Combat
  6612 | D:7      | Found a sand-covered staircase.
  6622 | Ossuary  | Entered an ossuary
  7293 | D:7      | Noticed Menkaure
  7305 | D:7      | Killed Menkaure
  7692 | D:8      | Noticed Pikel
  7714 | D:8      | Killed Pikel
  7714 | D:8      | Reached *** piety under Okawaru
  7714 | D:8      | Reached skill level 5 in Fighting
  7714 | D:8      | Reached skill level 5 in Invocations
  7725 | D:8      | Gained mutation: You have a pair of small antennae on your head. [demonic ancestry]
  7725 | D:8      | Reached XP level 10. HP: 43/74 MP: 13/13
  7748 | D:8      | Found a sparkling altar of Nemelex Xobeh.
  7793 | D:8      | Found a basalt altar of Yredelemnul.
  8119 | D:8      | Reached **** piety under Okawaru
  8236 | D:8      | Found a burning altar of Makhleb.
  8237 | D:8      | Found a shimmering altar of Xom.
  8434 | D:9      | Reached skill level 12 in Unarmed Combat
  8440 | D:9      | Gained mutation: Your spells are a little easier to cast, but a little less powerful. [mutagenic meat]
  8480 | D:9      | Found an ancient bone altar of Kikubaaqudgha.
  8553 | D:9      | Found Fiypp's Demolitions Depot.
  8916 | D:9      | Found an opulent altar of Gozag.
  9281 | D:10     | Entered Level 10 of the Dungeon
  9429 | D:10     | Noticed Maud
  9931 | D:10     | Noticed a brown ugly thing
  9961 | D:10     | Killed a brown ugly thing
 10355 | D:10     | Killed Maud
 10355 | D:10     | Received a gift from Okawaru
 10355 | D:10     | Reached ***** piety under Okawaru
 10355 | D:10     | Reached skill level 5 in Armour
 10442 | D:11     | Found a staircase to the Orcish Mines.
 10479 | D:11     | Gained mutation: You regenerate health from kills. [demonic ancestry]
 10479 | D:11     | Reached XP level 11. HP: 43/83 MP: 15/15
 10551 | D:11     | Received a gift from Okawaru
 10586 | D:11     | Reached skill level 13 in Unarmed Combat
 10617 | D:11     | Found a staircase to the Lair.
 10943 | D:11     | Noticed a hill giant
 10953 | D:11     | Killed a hill giant
 11659 | D:11     | Noticed a hill giant
 11676 | D:11     | Killed a hill giant
 12335 | D:12     | Noticed a seven-headed hydra
 12344 | D:12     | Killed a seven-headed hydra
 12819 | D:12     | Gained mutation: You are robust (+10% HP). [mutagenic meat]
 12823 | D:12     | Gained mutation: You are very agile. (Dex +4) [mutagenic meat]
 12884 | D:12     | Reached skill level 14 in Unarmed Combat
 12947 | D:12     | Mangled by an enormous slime creature

Action                   |  1- 3 |  4- 6 |  7- 9 | 10-12 || total
-------------------------+-------+-------+-------+-------++-------
Melee: Unarmed           |   128 |   174 |   573 |   691 ||  1566
Invok: Heroism           |       |       |     2 |     9 ||    11
Evoke: Wand              |       |       |       |     1 ||     1
  Use: Scroll            |       |     6 |     5 |     1 ||    12
       Potion            |       |     3 |     5 |     2 ||    10
 Stab: Sleeping          |     4 |     6 |       |       ||    10
       Invisible         |       |     4 |       |       ||     4
  Eat: Chunk             |       |     4 |     6 |    16 ||    26
       Meat ration       |       |     1 |     1 |     2 ||     4
       Beef jerky        |       |       |     2 |       ||     2
       Bread ration      |       |       |       |     2 ||     2
       Royal jelly       |       |       |       |     1 ||     1
       Pizza             |       |       |       |     1 ||     1
       Fruit             |       |       |       |     2 ||     2
